% Time on Ice - VICTORIA GLADIATORS
Lines # - Real PCT - Wanted PCT - Time Play
Normal Forward
1 - 33% - 36% - 16:29
2 - 33% - 34% - 16:15
3 - 22% - 25% - 10:56
4 - 12% - 5% - 5:55
Normal Defense
1 - 40% - 40% - 19:36
2 - 36% - 35% - 17:50
3 - 24% - 25% - 11:42
4 - 1% - 0% - 0:27
PP Forward
1 - 71% - 60% - 2:19
2 - 29% - 40% - 0:58
PP Defense
1 - 55% - 60% - 1:49
2 - 45% - 40% - 1:28
PK Forward
1 - 77% - 60% - 5:28
2 - 23% - 40% - 1:40
PK Defense
1 - 64% - 60% - 4:36
2 - 36% - 40% - 2:32
PK3 Forward
1 - 0% - 55%
2 - 0% - 45%
PK3 Defense
1 - 0% - 55%
2 - 0% - 45%
44 Forward
1 - 0% - 52%
2 - 0% - 48%
44 Defense
1 - 0% - 52%
2 - 0% - 48%
Last Minute Offensive  - 0:00
Last Minute Defensive  - 0:00
Total
Forward - 60:00
Defense - 60:00
% Time on Ice - WINNIPEG BEAVERS
Lines # - Real PCT - Wanted PCT - Time Play
Normal Forward
1 - 34% - 36% - 16:55
2 - 32% - 34% - 15:49
3 - 24% - 28% - 12:04
4 - 10% - 2% - 4:47
Normal Defense
1 - 35% - 33% - 17:36
2 - 31% - 30% - 15:15
3 - 26% - 26% - 13:06
4 - 7% - 11% - 3:38
PP Forward
1 - 45% - 55% - 3:13
2 - 55% - 45% - 3:55
PP Defense
1 - 39% - 55% - 2:48
2 - 61% - 45% - 4:20
PK Forward
1 - 86% - 55% - 2:49
2 - 14% - 45% - 0:28
PK Defense
1 - 50% - 55% - 1:39
2 - 50% - 45% - 1:38
PK3 Forward
1 - 0% - 55%
2 - 0% - 45%
PK3 Defense
1 - 0% - 55%
2 - 0% - 45%
44 Forward
1 - 0% - 55%
2 - 0% - 45%
44 Defense
1 - 0% - 55%
2 - 0% - 45%
Last Minute Offensive  - 0:00
Last Minute Defensive  - 0:00
Total
Forward - 60:00
Defense - 60:00
Play-by-Play 1st period 0:01 of 1st period - Mark Scheifele wins face-off versus Brayden Schenn in neutral zone. 0:03 of 1st period - David Pastrnak is hit by Luke Schenn. 0:25 of 1st period - Shot by Mark Scheifele. 0:25 of 1st period - Shot Misses the Net. 0:35 of 1st period - Shot by Nikolaj Ehlers. 0:35 of 1st period - Stopped by Jake Oettinger without a rebound. 0:36 of 1st period - Adam Lowry wins face-off versus Sam Bennett in VICTORIA GLADIATORS zone. 0:36 of 1st period - Adam Lowry is hit by Sam Bennett. 0:42 of 1st period - Shot by Frank Vatrano. 0:42 of 1st period - Shot Misses the Net. 0:56 of 1st period - Shot by Jason Zucker. 0:56 of 1st period - Shot Misses the Net. 0:58 of 1st period - Shot by Tyler Myers. 0:58 of 1st period - Shot Misses the Net. 1:02 of 1st period - Shot by Adam Lowry. 1:02 of 1st period - Deflect By Frank Vatrano. 1:02 of 1st period - Stopped by Ville Husso without a rebound. 1:03 of 1st period - Noel Acciari wins face-off versus Sean Kuraly in WINNIPEG BEAVERS zone. 2:22 of 1st period - Shot by Sam Bennett. 2:22 of 1st period - Stopped by Jake Oettinger with a rebound. 2:24 of 1st period - Shot by Brandon Saad. 2:24 of 1st period - Stopped by Jake Oettinger with a rebound. 2:45 of 1st period - Icing by Barclay Goodrow. 2:46 of 1st period - Brayden Schenn wins face-off versus Noel Acciari in VICTORIA GLADIATORS zone. 3:12 of 1st period - Off-side. 3:13 of 1st period - Adam Lowry wins face-off versus Matthew Nieto in neutral zone. 4:03 of 1st period - Icing by Justin Faulk. 4:04 of 1st period - Brayden Schenn wins face-off versus Adam Lowry in VICTORIA GLADIATORS zone. 4:10 of 1st period - Frank Vatrano is hit by Brayden Schenn and loses puck. 4:15 of 1st period - Shot by Jonathan Audy-Marchessault. 4:15 of 1st period - Deflect By Brayden Schenn. 4:15 of 1st period - Goal by Brayden Schenn - VICTORIA GLADIATORS : 0 - WINNIPEG BEAVERS : 1. 4:16 of 1st period - Mark Scheifele wins face-off versus Sean Kuraly in neutral zone. 6:33 of 1st period - Justin Faulk is hit by Brayden Schenn and loses puck. 7:05 of 1st period - Icing by Justin Holl. 7:06 of 1st period - Sam Bennett wins face-off versus Mason Appleton in VICTORIA GLADIATORS zone. 7:06 of 1st period - Victor Hedman is hit by Jan Rutta and loses puck. 7:10 of 1st period - Icing by Justin Holl. 7:11 of 1st period - Mason Appleton wins face-off versus Sam Bennett in VICTORIA GLADIATORS zone. 7:32 of 1st period - Icing by Justin Holl. 7:33 of 1st period - Sean Kuraly wins face-off versus Mason Appleton in VICTORIA GLADIATORS zone. 8:41 of 1st period - Off-side. 8:42 of 1st period - Adam Lowry wins face-off versus Sam Bennett in neutral zone. 8:49 of 1st period - Shot by Frank Vatrano. 8:49 of 1st period - Shot Misses the Net. 9:10 of 1st period - Shot by Frank Vatrano. 9:10 of 1st period - Stopped by Ville Husso without a rebound. 9:11 of 1st period - Mark Scheifele wins face-off versus Matthew Nieto in WINNIPEG BEAVERS zone. 9:20 of 1st period - Shot by Adam Larsson. 9:20 of 1st period - Shot Blocked by Justin Faulk. 9:22 of 1st period - Shot by Adam Larsson. 9:22 of 1st period - Shot Misses the Net. 9:30 of 1st period - Shot by Cal Clutterbuck. 9:30 of 1st period - Stopped by Jake Oettinger without a rebound. 9:31 of 1st period - Sam Bennett wins face-off versus Noel Acciari in VICTORIA GLADIATORS zone. 10:47 of 1st period - Icing by Mark Scheifele. 10:48 of 1st period - Sean Kuraly wins face-off versus Mark Scheifele in VICTORIA GLADIATORS zone. 11:24 of 1st period - Icing by Ivan Provorov. 11:25 of 1st period - Mark Scheifele wins face-off versus Brayden Schenn in VICTORIA GLADIATORS zone. 11:45 of 1st period - Icing by John Carlson. 11:46 of 1st period - Brayden Schenn wins face-off versus Frank Vatrano in WINNIPEG BEAVERS zone. 11:46 of 1st period - Brayden Schenn is hit by Jason Zucker. 11:51 of 1st period - Minor Penalty to Brandon Montour for Interference. 11:52 of 1st period - Noel Acciari wins face-off versus Sam Bennett in VICTORIA GLADIATORS zone. 12:10 of 1st period - Shot by Brandon Saad. 12:10 of 1st period - Shot Blocked by Jan Rutta. 12:38 of 1st period - Shot by David Perron. 12:38 of 1st period - Stopped by Jake Oettinger without a rebound. 12:39 of 1st period - Brayden Schenn wins face-off versus Mason Appleton in VICTORIA GLADIATORS zone. 12:39 of 1st period - Nikolaj Ehlers is hit by Tyler Myers and loses puck. 12:44 of 1st period - Shot by Nikolaj Ehlers. 12:44 of 1st period - Deflect By Brayden Schenn. 12:44 of 1st period - Shot Blocked by Tyler Myers. 12:46 of 1st period - Shot by Victor Hedman. 12:46 of 1st period - Stopped by Jake Oettinger without a rebound. 12:47 of 1st period - Noel Acciari wins face-off versus Brayden Schenn in VICTORIA GLADIATORS zone. 12:53 of 1st period - Icing by Victor Hedman. 12:54 of 1st period - Noel Acciari wins face-off versus Jonathan Audy-Marchessault in WINNIPEG BEAVERS zone. 13:15 of 1st period - Shot by Victor Hedman. 13:15 of 1st period - Shot Blocked by Noel Acciari. 15:40 of 1st period - Icing by Brandon Montour. 15:41 of 1st period - Brayden Schenn wins face-off versus Adam Lowry in VICTORIA GLADIATORS zone. 16:52 of 1st period - Shot by Mark Scheifele. 16:52 of 1st period - Shot Misses the Net. 17:48 of 1st period - Shot by Alex Iafallo. 17:48 of 1st period - Shot Hit the Post. 19:11 of 1st period - Icing by Mason Appleton. 19:12 of 1st period - Jonathan Audy-Marchessault wins face-off versus Brock McGinn in VICTORIA GLADIATORS zone. 19:13 of 1st period - Shot by Adam Larsson. 19:13 of 1st period - Stopped by Jake Oettinger without a rebound. 19:14 of 1st period - Adam Lowry wins face-off versus Brayden Schenn in VICTORIA GLADIATORS zone. 19:47 of 1st period - Off-side. 19:48 of 1st period - Matthew Nieto wins face-off versus Mason Appleton in neutral zone. Goals for this period are 0 for VICTORIA GLADIATORS vs 1 for WINNIPEG BEAVERS. Shots for this period are 2 for VICTORIA GLADIATORS vs 8 for WINNIPEG BEAVERS. 2nd period 0:01 of 2nd period - Brayden Schenn wins face-off versus Jason Zucker in neutral zone. 1:09 of 2nd period - Sam Bennett is hit by Ivan Provorov and loses puck. 3:00 of 2nd period - Matthew Nieto is hit by Justin Faulk. 3:18 of 2nd period - Shot by Jonathan Audy-Marchessault. 3:18 of 2nd period - Deflect By Brayden Schenn. 3:18 of 2nd period - Stopped by Jake Oettinger without a rebound. 3:19 of 2nd period - Sam Bennett wins face-off versus Mark Scheifele in VICTORIA GLADIATORS zone. 3:48 of 2nd period - Brandon Saad is hit by Brad Marchand and loses puck. 4:31 of 2nd period - Shot by Noel Acciari. 4:31 of 2nd period - Stopped by Ville Husso without a rebound. 4:32 of 2nd period - Mason Appleton wins face-off versus Brayden Schenn in WINNIPEG BEAVERS zone. 4:40 of 2nd period - Cole Smith is hit by Luke Schenn and loses puck. 4:50 of 2nd period - Brock McGinn is hit by Luke Schenn and loses puck. 5:07 of 2nd period - Shot by Jonathan Audy-Marchessault. 5:07 of 2nd period - Shot Misses the Net. 5:18 of 2nd period - Jonathan Audy-Marchessault is hit by Justin Holl and loses puck. 5:43 of 2nd period - Icing by Mason Appleton. 5:44 of 2nd period - Matthew Nieto wins face-off versus Mason Appleton in VICTORIA GLADIATORS zone. 6:22 of 2nd period - Icing by Brandon Montour. 6:23 of 2nd period - Mark Scheifele wins face-off versus David Perron in VICTORIA GLADIATORS zone. 6:54 of 2nd period - Icing by Mark Scheifele. 6:55 of 2nd period - Mark Scheifele wins face-off versus Brayden Schenn in VICTORIA GLADIATORS zone. 7:07 of 2nd period - Jonathan Audy-Marchessault is hit by Brad Marchand and loses puck. 7:37 of 2nd period - Icing by Victor Hedman. 7:38 of 2nd period - Brayden Schenn wins face-off versus Noel Acciari in WINNIPEG BEAVERS zone. 7:38 of 2nd period - Brayden Schenn is hit by Noel Acciari. 7:51 of 2nd period - Minor Penalty to Noel Acciari for Tripping. 7:52 of 2nd period - Sam Bennett wins face-off versus Brock McGinn in VICTORIA GLADIATORS zone. 7:59 of 2nd period - Shot by David Perron. 7:59 of 2nd period - Deflect By Sam Bennett. 7:59 of 2nd period - Stopped by Jake Oettinger without a rebound. 8:00 of 2nd period - Sam Bennett wins face-off versus Brock McGinn in VICTORIA GLADIATORS zone. 9:01 of 2nd period - Shot by Victor Hedman. 9:01 of 2nd period - Shot Misses the Net. 9:29 of 2nd period - Shot by Brayden Schenn. 9:29 of 2nd period - Shot Block